 Dungeon Crawl Stone Soup version 0.30-b1-2-g02819fbbbe (webtiles) character file.

Game seed: 11304916258705159731

598379 magipi the Stormcaller (level 27, -2/220 (232) HPs)
             Began as a Gargoyle Conjurer on June 8, 2023.
             Was the Champion of Vehumet.
             Slain by a bennu (7 damage)
             ... on level 9 of a ziggurat on June 10, 2023.
             The game lasted 05:02:28 (68422 turns).

magipi the Stormcaller (Gargoyle Conjurer)         Turns: 68422, Time: 05:02:29

HP:   -2/220 (232)  AC: 20    Str: 18      XL:     27
MP:   17/41         EV:  2    Int: 29 (30) God:    Vehumet [******]
Gold: 6559          SH:  8    Dex:  8      Spells: 5/54 levels left

rFire   . . .        a - staff of air "Daluuxt Radu" {rElec rC+}
rCold   + + .        k - +2 buckler {AC+3}
rNeg    + . .        L - melded +2 robe {Archmagi}
rPois   ∞            A - melded +0 mask of the Dragon {Will+ Slay+3 SInv}
rElec   +            S - melded +2 cloak of the Thief {*Fog Slay-2 SInv Stlth+}
rCorr   .            p - melded +3 pair of gloves of the Storm King {Dex+3}
SInv    .            e - melded +2 pair of boots
Will    ++++.        r - amulet of Light {RegenMP Fragile rC+ Will++ Str+4}
Stlth   +++          z - ring of wizardry
HPRegen 0.56/turn    v - +5 ring of evasion
MPRegen 0.67/turn

%: wizardry (x1)
@: tree-form, corroded, slowed, studying 2 skills, drained, very slow
A: stationary, stasis, torment immunity, boosted hp, sickness immunity, AC +20,
(big wings), negative energy resistance 1, (electricity resistance), torment
resistance 1, petrification resistance
}: 4/15 runes: decaying, slimy, silver, gossamer
a: Renounce Religion


You were on level 9 of a ziggurat.
You worshipped Vehumet.
Vehumet was exalted by your worship.
You were a tree.
You visited 11 branches of the dungeon, and saw 51 of its levels.
You visited 1 ziggurat, and saw 9 of its levels.
You also visited: Trove, Sewer, Gauntlet and Ice Cave.

You collected 9627 gold pieces.
You spent 3068 gold pieces at shops.

Inventory:

Hand Weapons
 w - a +9 demon trident of flaming
   (You took it off a hell knight on level 1 of the Depths)
 y - the +8 arc blade {discharge, rElec}
   (You found it on level 8 of a ziggurat)

   rElec:     It insulates you from electricity.
Missiles
 J - 3 throwing nets
Armour
 e - a +2 pair of boots (melded)
   (You found it on level 15 of the Dungeon)
 k - a +2 buckler of protection (worn)
   (You took it off the Enchantress on level 1 of the Depths)
 p - the +3 pair of gloves of the Storm King (melded) {Dex+3}
   (You found it on level 4 of the Spider Nest)

   Dex:       It affects your dexterity (+3).
 A - the +0 mask of the Dragon (melded) {Will+ Slay+3 SInv}
   (You found it on level 1 of the Crypt)

   Slay:      It affects your accuracy & damage with ranged weapons and melee
   (+3).
   SInv:      It lets you see invisible.
   Will:      It increases your willpower.
 L - a +2 robe of the Archmagi (melded)
   (You took it off an orc sorcerer on level 2 of the Orcish Mines)
 S - the +2 cloak of the Thief (melded) {*Fog Slay-2 SInv Stlth+}
   (You found it on level 5 of the Pits of Slime)

   *Fog:      It may release a thick cloud of smoke when the wearer is hurt.
   Slay:      It affects your accuracy & damage with ranged weapons and melee
   (-2).
   SInv:      It lets you see invisible.
   Stlth:     It makes you more stealthy.
Magical Staves
 a - the staff of air "Daluuxt Radu" (weapon) {rElec rC+}
   (You found it on level 3 of the Elven Halls)

   [staff of air]

   Base accuracy: +5 Base damage: 5 Base attack delay: 1.2 This weapon's minimum
   attack delay (0.6) is reached at skill level 12.
   rC:        It protects you from cold.
   rElec:     It insulates you from electricity.
   It falls into the 'Staves' category.
   It is a one-handed weapon.
 b - a staff of fire
   (You found it on level 4 of the Dungeon)
Jewellery
 f - a ring of protection from fire
   (You found it on level 3 of the Swamp)
 o - a ring of resist corrosion
   (You bought it in a shop on level 1 of the Dungeon)
 r - the amulet of Light (around neck) {RegenMP Fragile rC+ Will++ Str+4}
   (You found it on level 12 of the Dungeon)

   [amulet of magic regeneration]

   It increases your rate of magic regeneration.
   Str:       It affects your strength (+4).
   rC:        It protects you from cold.
   Fragile:   It will be destroyed if unequipped.
   Will:      It greatly increases your willpower.
 v - a +5 ring of evasion (right branch)
   (You found it on level 8 of the Dungeon)
 z - a ring of wizardry (left branch)
   (You found it on level 13 of the Dungeon)
 K - the amulet of the Four Winds {rN+ Will+++ Clar}
   (You found it on level 5 of the Pits of Slime)

   [amulet of nothing]

   rN:        It protects you from negative energy.
   Clar:      It protects you from confusion, rage, mesmerisation and fear.
   Will:      It greatly increases your willpower.
Wands
 d - a wand of digging (12)
   (You found it on level 1 of the Lair of Beasts)
 j - a wand of polymorph (19)
   (You found it on level 3 of the Swamp)
 E - a wand of charming (81)
   (You found it on level 10 of the Dungeon)
 G - a wand of roots (24)
   (You found it on level 3 of the Crypt)
 W - a wand of light (25)
   (You found it on level 1 of the Lair of Beasts)
Scrolls
 g - 14 scrolls of magic mapping
 i - 2 scrolls of brand weapon
 q - 8 scrolls of blinking
 t - 21 scrolls of teleportation
 x - 14 scrolls of fear
 D - 6 scrolls of immolation
 F - 8 scrolls of poison
 H - 18 scrolls of vulnerability
 M - 5 scrolls of silence
 T - 4 scrolls of amnesia
 Y - 14 scrolls of fog
Potions
 c - 9 potions of heal wounds
 h - 3 potions of magic
 l - 26 potions of curing
 m - 6 potions of mutation
 n - 4 potions of resistance
 s - 12 potions of ambrosia
 u - 7 potions of haste
 B - 5 potions of brilliance
 C - 9 potions of invisibility
 I - 5 potions of might
 O - 9 potions of lignification
 R - 3 potions of berserk rage
 X - 10 potions of cancellation
Miscellaneous
 N - a phial of floods
   (You found it on level 8 of the Dungeon)
 P - a phantom mirror
   (You found it on level 2 of the Spider Nest)
 V - a condenser vane
   (You found it on level 14 of the Dungeon)
 Z - a box of beasts
   (You found it on level 5 of the Vaults)


   Skills:
 - Level 11.0 Fighting
 - Level 10.0 Armour
 - Level 10.0 Dodging
 - Level 6.0 Stealth
 - Level 10.0 Shields
 - Level 14.0 Spellcasting
 + Level 20.3 Conjurations
 - Level 10.0 Hexes
 - Level 10.0 Translocations
 - Level 20.0 Fire Magic
 + Level 20.9 Air Magic
 + Level 10.3 Earth Magic
 - Level 6.0 Evocations


You had 5 spell levels left.
You knew the following spells:

 Your Spells              Type           Power      Damage    Failure   Level
a - Apportation           Tloc           100%       N/A       1%          1
b - Blink                 Tloc           100%       N/A       1%          2
c - Lehudib's Crystal Sp  Conj/Erth      41%        10d10     4%          8
B - Plasma Beam           Fire/Air       59%        2x1d81    1%          6
C - Chain Lightning       Conj/Air       59%        3d78      8%          9
F - Flame Wave            Conj/Fire      95%        2d20      0%          4
I - Ignition              Fire           47%        3d13      1%          8
M - Iskenderun's Mystic   Conj/Tloc      83%        2d16      1%          4
O - Orb of Destruction    Conj           47%        9d12      1%          7

Your spell library contained the following spells:

 Spells                   Type           Power      Damage    Failure   Level
 Polar Vortex             Ice            10%        N/A       100%        9
 Magic Dart               Conj           100%       1d8       0%          1
 Shock                    Conj/Air       100%       1d9       0%          1
 Momentum Strike          Conj/Tloc      100%       3d10      0%          2
 Scorch                   Fire           100%       2d9       0%          2
 Searing Ray              Conj           100%       2d8       0%          2
 Static Discharge         Conj/Air       100%       2-7/arc   0%          2
 Dazzling Flash           Conj/Hex       100%       N/A       0%          3
 Inner Flame              Hex/Fire       82%        N/A       0%          3
 Stone Arrow              Conj/Erth      100%       3d13      0%          3
 Swiftness                Air            100%       N/A       0%          3
 Vhi's Electric Charge    Tloc/Air       100%       N/A       0%          3
 Volatile Blastmotes      Fire/Tloc      100%       2d18      0%          3
 Airstrike                Air            59%        2d(9-25)  0%          4
 Sticky Flame             Conj/Fire      95%        2d10      0%          4
 Arcjolt                  Conj/Air       59%        1d69      0%          5
 Fireball                 Conj/Fire      47%        3d19      0%          5
 Iskenderun's Battlesphe  Conj           95%        2d14      0%          5
 Beastly Appendage        Tmut           40%        N/A       1%          1
 Kiss of Death            Conj/Necr      100%       2d13      1%          1
 Necrotise                Necr           80%        1d8       1%          1
 Slow                     Hex            100%       N/A       1%          1
 Sting                    Tmut/Pois      80%        1d7       1%          1
 Summon Small Mammal      Summ           80%        N/A       1%          1
 Ensorcelled Hibernation  Hex/Ice        98%        N/A       1%          2
 Lesser Beckoning         Tloc           100%       N/A       1%          2
 Passwall                 Tmut/Erth      41%        N/A       1%          2
 Poisonous Vapours        Pois/Air       100%       N/A       1%          2
 Wereblood                Tmut           20%        N/A       1%          2
 Confusing Touch          Hex            67%        N/A       1%          3
 Frozen Ramparts          Ice            40%        1d7       1%          3
 Gell's Gravitas          Tloc           67%        N/A       1%          3
 Ignite Poison            Fire/Tmut/Pois 56%        N/A       1%          3
 Mephitic Cloud           Conj/Pois/Air  100%       N/A       1%          3
 Portal Projectile        Hex/Tloc       100%       N/A       1%          3
 Summon Guardian Golem    Hex/Summ       49%        N/A       1%          3
 Teleport Other           Tloc           67%        N/A       1%          3
 Tukima's Dance           Hex            67%        N/A       1%          3
 Anguish                  Hex/Necr       24%        N/A       1%          4
 Animate Armour           Summ/Erth      100%       N/A       1%          4
 Cause Fear               Hex            33%        N/A       1%          4
 Fulminant Prism          Conj/Hex       41%        3d19      1%          4
 Leda's Liquefaction      Hex/Erth       34%        N/A       1%          4
 Manifold Assault         Tloc           67%        N/A       1%          4
 Summon Lightning Spire   Summ/Air       88%        N/A       1%          4
 Freezing Cloud           Conj/Ice/Air   50%        6-21      1%          5
 Lee's Rapid Deconstruct  Erth           34%        3d17*     1%          5
 Silence                  Hex/Air        52%        N/A       1%          5
 Call Canine Familiar     Summ           20%        N/A       3%          3
 Ozocubu's Armour         Ice            20%        N/A       3%          3
 Spider Form              Tmut/Pois      20%        N/A       3%          3
 Vampiric Draining        Necr           20%        2d7       3%          3
 Olgreb's Toxic Radiance  Pois           20%        N/A       3%          4
 Borgnjor's Vile Clutch   Necr/Erth      25%        N/A       4%          5
 Metabolic Englaciation   Hex/Ice        24%        N/A       4%          5
 Summon Forest            Summ/Tloc      24%        N/A       4%          5
 Summon Mana Viper        Hex/Summ       49%        N/A       4%          5
 Animate Dead             Necr           20%        N/A       12%         4
 Dispel Undead            Necr           20%        3d11      12%         4
 Ice Form                 Ice/Tmut       20%        N/A       12%         4
 Summon Ice Beast         Ice/Summ       20%        N/A       12%         4
 Alistair's Intoxication  Tmut/Pois      13%        N/A       32%         5
 Blade Hands              Tmut           10%        N/A       32%         5
 Conjure Ball Lightning   Conj/Air       59%        3x3d21    1%          6
 Iron Shot                Conj/Erth      41%        9d8       1%          6
 Maxwell's Capacitive Co  Air            59%        ∞         1%          8
 Dispersal                Tloc           33%        N/A       3%          6
 Spellforged Servitor     Conj/Summ      34%        N/A       4%          7
 Fire Storm               Conj/Fire      47%        8d12      9%          9
 Enfeeble                 Hex            33%        N/A       16%         7
 Malign Gateway           Summ/Tloc      24%        N/A       75%         7
 Disjunction              Tloc           33%        N/A       75%         8
 Death Channel            Necr           10%        N/A       85%         6
 Simulacrum               Ice/Necr       10%        N/A       85%         6
 Summon Cactus Giant      Summ           10%        N/A       85%         6
 Ozocubu's Refrigeration  Ice            10%        4d9       87%         7
 Shatter                  Erth           34%        3d28*     96%         9
 Summon Hydra             Summ           10%        N/A       100%        7
 Dragon's Call            Summ           10%        N/A       100%        9
 Sublimation of Blood     Necr           Unusable   N/A       N/A         2
 Statue Form              Tmut/Erth      Unusable   N/A       N/A         6

Dungeon Overview and Level Annotations

Branches:
Dungeon (15/15)            Temple (1/1) D:4            Lair (5/5) D:8
  Swamp (4/4) Lair:2       Spider (4/4) Lair:3        Slime (5/5) Lair:4
    Orc (2/2) D:11            Elf (3/3) Orc:2        Vaults (5/5) D:13
  Crypt (3/3) Vaults:2       Tomb (0/3) Crypt:3      Depths (4/4) D:15
    Zot (0/5) Depths:4      Sewer (visited)           IceCv (visited)
Gauntlet (visited)

Altars:
Ashenzari
Cheibriados
Dithmenos
Elyvilon
Fedhas
Gozag
Hepliaklqana
Kikubaaqudgha
Makhleb
Nemelex Xobeh
Okawaru
Qazlal
Ru
Sif Muna
Trog
Uskayaw
Vehumet
Wu Jian
Xom
Yredelemnul
Zin
The Shining One
Jiyva
Lugonu

Shops:
D:1 =   D:5 *   D:12 !   Orc:1 *   Orc:2 ??[=   Elf:2 (   Vaults:2 !
Vaults:4 (*   Vaults:5 !   Depths:1 *

Portals:
Hell: Depths:1 Depths:2 Depths:3 Depths:4
Abyss: Lair:5 Depths:3
Pandemonium: Depths:2

Annotations:
Elf:1 1 runed translucent door, magipi's ghost, adept GrEE
Elf:2 1 exclusion
Vaults:2 Mennas
Depths:4 1 runed translucent door
Zig:9 exclusion: 2 obsidian statues


Innate Abilities, Weirdness & Mutations

You are a tree.
Your roots penetrate the ground, keeping you stationary.
You cannot be teleported.
You are immune to unholy pain and torment.
Your maximum health is greatly increased.
Your equipment is partially melded.
You are immune to sickness and miasma.
((Your stone body is resilient. (AC +20)))
You are immune to poison.
((Your large and strong wings let you fly.))
You resist negative energy. (rN+)
((You are resistant to electric shocks. (rElec)))
You are resistant to unholy torment.
You are immune to petrification.


Message History

* * * LOW HITPOINT WARNING * * *
The obsidian statue's eyes glow briefly.
The rust devil hits you. The rust devil corrodes you!
The bennu pecks you but does no damage. The bennu claws you!
* * * LOW HITPOINT WARNING * * *
The bennu claws you.
* * * LOW HITPOINT WARNING * * *
Unknown command.
Unknown command.
Casting: Ignition (mildly dangerous; 1% risk of failure)
Confirm with . or Enter, or press ? or * to list all spells.
Aiming: Lehudib's Crystal Spear (dangerous; 4% risk of failure)
Press: ? - help, Shift-Dir - straight line, f - bennu
Aim: a bennu (66% to hit)
The crystal spear hits the bennu!!!
The bennu is severely wounded.
You block the bennu's attack. The bennu claws you!
* * * LOW HITPOINT WARNING * * *
The bennu claws you.
* * * LOW HITPOINT WARNING * * *
The rust devil hits you.
* * * LOW HITPOINT WARNING * * *
The rust devil corrodes you!
The obsidian statue's eyes glow briefly.
You block the bennu's attack.
The bennu claws you but does no damage. x2
The crimson imp blinks!
The obsidian statue slips into the dungeon's darkness for a moment.
The obsidian statue's eyes glow briefly.
The rust devil hits you. The rust devil corrodes you!
Unknown command.
Casting: Lehudib's Crystal Spear (dangerous; 4% risk of failure)
Confirm with . or Enter, or press ? or * to list all spells.
Aiming: Lehudib's Crystal Spear (dangerous; 4% risk of failure)
Press: ? - help, Shift-Dir - straight line, f/p - bennu
Aim: a bennu (severely wounded, 66% to hit)
The crystal spear misses the bennu.
The bennu pecks you but does no damage. The bennu claws you!
* * * LOW HITPOINT WARNING * * *
The bennu claws you!
You die...

▓▓▓▓▓▓▓▓▓
▓▓........
▓▓.........
▓▓.§..§.§..8
▓▓..§....§.†.
▓▓....§.......
▓.∩..b♣.......
▓▓.....4......
▓▓......4..5.
▓▓.......5.8
▓▓......5..
▓▓........
▓▓▓▓▓▓▓▓▓


You could see a bennu, 2 obsidian statues, 2 rust devils, a crimson imp
(summoned), a white imp (summoned) and an ufetubus (summoned).

Vanquished Creatures
  the Royal Jelly (Slime:5)
  4 dread liches
  3 ancient liches
  A pandemonium lord (Zig:8)
  3 royal mummies
  Parghit (Depths:3)
  A golden dragon (Vaults:5)
  the Enchantress (Depths:1)
  3 bone dragons
  A hellephant (Zig:6)
  3 tentacled monstrosities
  A walking crystal tome (Depths:4)
  3 liches
  A searing wretch (Zig:4)
  A quicksilver dragon (Vaults:4)
  4 titans (Vaults:5)
  2 deep elf blademasters (Elf:3)
  A deep elf master archer (Elf:3)
  6 ancient champions
  14 acid blobs
  5 sphinxes
  13 rockslimes
  Gastronok (Lair:1)
  A thorn hunter (Swamp:4)
  4 tengu reavers
  4 revenants
  7 storm dragons
  2 fenstrider witches
  A draconian monk (Depths:4)
  13 azure jellies
  Donald (Vaults:2)
  9 shadow dragons
  15 vault wardens
  An iron dragon (Depths:3)
  8 frost giants
  6 emperor scorpions
  5 deep elf sorcerers (Elf:3)
  A draconian scorcher (Depths:4)
  7 fire giants
  8 balrugs
  4 deep elf elementalists (Elf:3)
  7 ghost moths
  A draconian shifter (Depths:4)
  4 curse skulls
  3 orc warlords
  A demonspawn corrupter (Zig:8)
  19 ironbound preservers
  7 quicksilver oozes
  12 ghouls
  6 spriggan defenders
  21 very ugly things
  2 broodmothers (Spider:2)
  8 ironbound thunderhulks
  2 reapers
  4 stone giants
  A broodmother (shapeshifter) (Vaults:5)
  10 vampire knights
  2 deep elf demonologists
  2 green draconians (Depths:4)
  A yellow draconian (Depths:4)
  6 white draconians (Depths:4)
  A bennu (Zig:9)
  2 purple draconians (Depths:4)
  7 eleionomae
  9 deep elf annihilators
  13 dire elephants
  9 spark wasps
  5 bunyips
  4 black draconians (Depths:4)
  A red draconian (Depths:4)
  3 eidola
  4 deep elf death magi
  A spark wasp (shapeshifter) (Vaults:5)
  5 ettins
  8 fire dragons
  2 green deaths
  A crystal guardian (Vaults:2)
  11 great orbs of eyes
  A blizzard demon (Depths:2)
  12 yaktaur captains
  A shambling mangrove (Swamp:4)
  3 entropy weavers
  2 spriggan zombies
  4 mummy priests (Zig:9)
  15 jiangshi
  25 vault guards
  A rakshasa (Depths:2)
  25 hydras
  The ghost of Zoobame the Devastator, a journeyman DEHW of Sif Muna (Lair:2)
  An Orb Guardian zombie (Crypt:1)
  2 hydras (shapeshifter) (Vaults:2)
  2 salamander tyrants
  2 hell beasts
  9 deep elf high priests
  2 peacekeepers
  5 ironbound frosthearts
  Erolcha (Orc:2)
  2 ghost crabs
  The ghost of HumbleHazard the Basher, a novice MiBe of Trog (Lair:1)
  A fenstrider witch zombie (Crypt:1)
  4 ice dragons
  3 jorogumos
  2 catoblepae
  11 centaur warriors
  7 radroaches
  5 two-headed ogres (Vaults:5)
  6 spriggan air magi
  4 death knights
  4 ogre magi
  9 boulder beetles
  15 dancing weapons
  A fenstrider witch skeleton (Crypt:1)
  A two-headed ogre (shapeshifter) (Vaults:5)
  3 deep troll shamans
  3 alligators
  10 vampire magi
  4 death yaks
  3 death scarabs
  7 tengu warriors
  10 deep troll earth magi
  11 spriggan berserkers
  3 thrashing horrors (Lair:5)
  2 shock serpents (shapeshifter)
  6 deep elf knights
  Urug (Orc:2)
  20 hell knights
  Nergalle (Orc:2)
  A soul eater (Crypt:3)
  5 goliath frogs
  7 pharaoh ants
  3 shadow wraiths (Crypt:3)
  3 skysharks
  6 flayed ghosts
  11 iron trolls
  A storm dragon skeleton (Depths:3)
  66 deep trolls
  14 orb spiders
  6 sun moths
  22 skeletal warriors
  2 anaconda zombies
  A spriggan druid (Swamp:4)
  4 glowing orange brains
  3 orange crystal statues
  4 deep elf archers
  5 bog bodies
  2 bunyip skeletons
  10 swamp dragons
  Pikel (D:9)
  An iron giant skeleton (Crypt:1)
  10 orc knights
  11 lindwurms
  3 obsidian statues
  16 ironbound convokers
  7 steelbarb worms
  7 wizards
  11 harpies
  17 phantasmal warriors
  22 deep elf pyromancers
  9 necromancers
  10 orc sorcerers
  20 deep elf zephyrmancers
  2 shining eyes
  A stone giant zombie (Crypt:1)
  16 wolf spiders
  An oklob plant (Lair:5)
  3 cyclopes
  24 ugly things
  5 moths of wrath
  16 elephants
  2 will-o-the-wisps
  A manticore (D:11)
  An apocalypse crab (Zig:2)
  4 black mambas
  24 vault sentinels
  5 centaur zombies (D:10)
  69 slime creatures
  An eye of devastation (shapeshifter) (Vaults:5)
  An orange demon (Zig:8)
  A torpor snail (shapeshifter) (Vaults:4)
  An eye of devastation (Slime:5)
  2 ice statues
  2 smoke demons
  18 torpor snails
  A gargoyle (D:14)
  3 naga magi (Zig:3)
  14 demonic crawlers
  A molten gargoyle (D:13)
  6 hellions
  An unseen horror zombie (D:10)
  4 unseen horrors
  A grey draconian zombie (Crypt:1)
  16 cane toads
  A red draconian zombie (Crypt:3)
  A kobold demonologist (D:9)
  Maggie (D:6)
  9 rime drakes
  2 efreet
  4 tormentors
  6 tengu conjurers
  2 anaconda simulacra (IceCv)
  8 freezing wraiths
  12 ice devils (IceCv)
  26 yaktaurs
  2 ancient zymes (Lair:5)
  A red devil (Zig:8)
  8 komodo dragons
  8 trolls
  A merfolk (shapeshifter) (Lair:5)
  A purple draconian skeleton (Crypt:3)
  A polar bear (shapeshifter) (D:13)
  6 meliai
  A hellwing (Depths:2)
  A bloated husk (Swamp:1)
  A red draconian skeleton (Crypt:2)
  8 hornets
  A hornet (shapeshifter) (D:14)
  5 guardian mummies
  3 polar bears
  25 tarantellas
  A culicivora zombie (Crypt:3)
  A sphinx simulacrum (Depths:3)
  7 tyrant leeches
  9 blink frogs (Lair:5)
  An ettin zombie (Crypt:1)
  An alligator zombie (Crypt:3)
  11 dream sheep
  A centaur simulacrum (D:11)
  22 flying skulls
  A snapping turtle (shapeshifter) (D:14)
  36 jumping spiders
  2 ushabtiu (Zig:9)
  8 spriggans
  23 culicivoras
  4 ynoxinuls
  6 air elementals (Elf:3)
  4 water elementals
  2 dire elephant simulacra (IceCv)
  An ice dragon skeleton (Crypt:3)
  4 vampires
  2 ettin skeletons
  9 wyverns
  A shadow (D:12)
  4 chaos spawn
  12 yaks
  19 wraiths
  5 fire elementals
  10 basilisks
  8 death yak simulacra
  39 redbacks
  A fire bat (D:8)
  16 vampire mosquitoes
  2 wargs (Orc:1)
  A steam dragon (D:8)
  A merfolk zombie (Crypt:2)
  17 swamp worms
  3 harpy simulacra
  Edmund (D:4)
  An acid dragon (D:13)
  A glowing shapeshifter zombie (Depths:3)
  4 large abominations
  3 hydra simulacra (IceCv)
  2 hell hounds (D:14)
  A demonspawn skeleton (Crypt:1)
  9 water moccasins
  A faun skeleton (Crypt:2)
  A floating eye (Depths:1)
  A black bear (shapeshifter) (D:13)
  3 sky beasts
  A dream sheep zombie (Crypt:2)
  8 swamp drakes (Swamp:4)
  16 small abominations
  18 orc warriors
  8 wolves
  4 ice beasts
  4 boggarts (Vaults:3)
  12 centaurs
  10 ogres
  A swamp dragon skeleton (Crypt:1)
  A manticore skeleton (Crypt:1)
  3 lemures (D:9)
  6 kobold brigands
  2 phantoms (D:5)
  10 bullfrogs
  5 necrophages
  Blork the orc (D:6)
  8 scorpions
  A yaktaur skeleton (Crypt:2)
  3 earth elementals
  3 two-headed ogre simulacra
  4 cane toad simulacra
  4 wights
  4 elephant simulacra
  9 killer bees
  A wolf zombie (Crypt:3)
  3 howler monkeys (D:10)
  2 lava snakes (D:13)
  A human zombie (D:10)
  11 orc priests
  5 hounds
  5 jellies
  A gnoll bouda (D:7)
  3 sleepcaps
  2 iguanas (D:6)
  6 hell rats (D:14)
  31 orc wizards
  A polar bear simulacrum (IceCv)
  7 wolf simulacra
  7 mummies
  4 gnolls (D:7)
  2 naga simulacra (IceCv)
  7 adders
  2 river rats (Sewer)
  2 shadow imps (D:6)
  7 white imps
  A howler monkey simulacrum (D:11)
  4 ufetubi
  An iguana skeleton (Crypt:3)
  2 lava snake zombies
  A worm (Lair:3)
  3 dart slugs
  70 orcs
  7 ball pythons
  6 endoplasms
  8 giant cockroaches
  5 goblins
  6 hobgoblins
  7 jackals
  3 quokkas
  20 bats
  2 frilled lizards
  A frilled lizard zombie (Crypt:3)
  A giant cockroach zombie (Crypt:1)
  27 kobolds
  A kobold zombie (Crypt:2)
  A quokka skeleton (Crypt:3)
  15 rats
  16 briar patches (Swamp:4)
  14 bushes
2164 creatures vanquished.

Vanquished Creatures (others)
  A fire giant (Vaults:5)
  Josephine (Orc:2)
  2 bloated husks
  A briar patch (Swamp:4)
  10 foxfires (Swamp:3)
  17 fulminant prisms
  53 fungi
  61 plants
  4 withered plants (Gauntlet)
150 creatures vanquished.

Grand Total: 2314 creatures vanquished

Notes
Turn   | Place    | Note
-------+----------+-------------------------------------------
     0 | D:1      | magipi the Gargoyle Conjurer began the quest for the Orb.
     0 | D:1      | Reached XP level 1. HP: 10/10 MP: 3/3
   147 | D:1      | Reached XP level 2. HP: 15/15 MP: 1/5
   356 | D:1      | Learned a level 2 spell: Searing Ray
   632 | D:1      | Reached skill level 5 in Conjurations
   996 | D:1      | Reached XP level 3. HP: 19/19 MP: 0/6
  1069 | D:1      | Found Ilul's Jewellery Shoppe.
  1151 | D:1      | Found a faded altar of an unknown god.
  1728 | D:2      | Identified the +3 tower shield "Jefepyg" {rC- rCorr Dex+4
                  | Stlth+}
  2489 | D:3      | Reached XP level 4. HP: 24/24 MP: 8/8
  2544 | D:3      | Found a hazy altar of Hepliaklqana.
  2546 | D:3      | Found a broken altar of Ashenzari.
  2546 | D:3      | Found a snail-covered altar of Cheibriados.
  2566 | D:3      | Found a burning altar of Makhleb.
  2566 | D:3      | Found a blossoming altar of Fedhas.
  2566 | D:3      | Found a shadowy altar of Dithmenos.
  2567 | D:3      | Found an ancient bone altar of Kikubaaqudgha.
  3096 | D:4      | Noticed Edmund
  3104 | D:4      | Killed Edmund
  3105 | D:4      | Reached XP level 5. HP: 21/28 MP: 8/10
  3223 | D:4      | Reached XP level 6. HP: 10/32 MP: 5/11
  3367 | D:4      | Found a glowing drain.
  3373 | Sewer    | Entered a sewer
  3722 | Sewer    | Found a white marble altar of Elyvilon.
  3859 | D:4      | Found a staircase to the Ecumenical Temple.
  3865 | Temple   | Entered the Ecumenical Temple
  3865 | Temple   | Found a transporter.
  3865 | Temple   | Found a transporter.
  3867 | Temple   | Found a transporter.
  3867 | Temple   | Found a transporter.
  3890 | Temple   | Became a worshipper of Vehumet
  3930 | D:4      | Reached XP level 7. HP: 36/36 MP: 13/13
  4471 | D:5      | Entered Level 5 of the Dungeon
  4820 | D:5      | Reached XP level 8. HP: 28/41 MP: 15/15
  4901 | D:5      | Reached skill level 5 in Spellcasting
  5166 | D:5      | Found Obbinauru's General Store.
  5172 | D:5      | Bought a scroll of fear for 44 gold pieces
  5172 | D:5      | Bought a scroll of identify for 22 gold pieces
  5172 | D:5      | Bought a wand of mindburst (6) for 92 gold pieces
  5348 | D:5      | Reached skill level 10 in Conjurations
  5353 | D:5      | Learned a level 4 spell: Fulminant Prism
  5358 | D:5      | Learned a level 4 spell: Iskenderun's Mystic Blast
  5627 | D:6      | Noticed Maggie
  5641 | D:6      | Killed Maggie
  5642 | D:6      | Reached skill level 1 in Hexes
  5642 | D:6      | Reached skill level 1 in Translocations
  5780 | D:6      | Reached * piety under Vehumet
  5780 | D:6      | Offered knowledge of Freeze by Vehumet.
  5781 | D:6      | Reached XP level 9. HP: 40/45 MP: 14/18
  6163 | D:6      | Identified the +1 ring mail of Seties {rElec Will+}
  6171 | D:6      | Noticed Blork the orc
  6179 | D:6      | Killed Blork the orc
  6276 | D:6      | Found a sacrificial altar of Ru.
  6281 | D:6      | Found a shimmering blue altar of Sif Muna.
  7733 | D:7      | Offered knowledge of Scorch by Vehumet.
  7733 | D:7      | Reached ** piety under Vehumet
  8029 | D:8      | Reached XP level 10. HP: 49/50 MP: 21/21
  8030 | D:8      | Reached skill level 5 in Translocations
  8200 | D:8      | Reached skill level 5 in Hexes
  8672 | D:8      | Found a staircase to the Lair.
  8964 | D:8      | Found a glowing silver altar of Zin.
  8997 | D:8      | Offered knowledge of Momentum Strike by Vehumet.
  9036 | D:8      | Found a basalt altar of Yredelemnul.
  9064 | D:8      | Found a burning altar of Makhleb.
  9094 | D:8      | Found a runed translucent door.
  9096 | D:8      | Found a hide-covered altar of Uskayaw.
  9097 | D:8      | Reached *** piety under Vehumet
  9130 | D:8      | Found a hide-covered altar of Uskayaw.
  9141 | D:8      | Noticed a flayed ghost
  9169 | D:8      | Found an ornate altar of the Wu Jian Council.
  9396 | D:8      | Killed a flayed ghost
  9510 | D:8      | Identified the ring "Equith" {Ice rN+ Int+3}
  9580 | D:9      | Noticed Pikel
  9587 | D:9      | Killed Pikel
  9594 | D:9      | Noticed a kobold demonologist
  9599 | D:9      | Noticed a rust devil
  9601 | D:9      | Killed a kobold demonologist
  9602 | D:9      | Reached XP level 11. HP: 54/54 MP: 8/24
  9904 | D:9      | Offered knowledge of Flame Wave by Vehumet.
 10124 | D:9      | Noticed a five-headed hydra
 10495 | D:10     | Entered Level 10 of the Dungeon
 10723 | D:10     | Learned a level 4 spell: Flame Wave
 10774 | D:10     | Reached **** piety under Vehumet
 11072 | D:10     | Found a hide-covered altar of Uskayaw.
 11172 | D:10     | Reached skill level 1 in Fire Magic
 11361 | D:10     | Offered knowledge of Stone Arrow by Vehumet.
 11377 | D:10     | Found a basalt altar of Yredelemnul.
 11616 | D:11     | Noticed a manticore
 11629 | D:11     | Killed a manticore
 11908 | D:11     | Reached skill level 10 in Spellcasting
 11996 | D:11     | Found a staircase to the Orcish Mines.
 12013 | D:11     | Found a gate leading to a gauntlet.
 12018 | Gauntlet | Entered a Gauntlet
 12018 | Gauntlet | Noticed a death scarab
 12018 | Gauntlet | Noticed a death scarab
 12018 | Gauntlet | Found a transporter.
 12018 | Gauntlet | Found a transporter.
 12018 | Gauntlet | Found a transporter.
 12034 | Gauntlet | Found a transporter.
 12038 | Gauntlet | Found a transporter.
 12048 | Gauntlet | Found a transporter.
 12052 | Gauntlet | Found a transporter.
 12062 | Gauntlet | Found a transporter.
 12079 | Gauntlet | Noticed a death yak
 12080 | Gauntlet | Noticed a death yak
 12080 | Gauntlet | Noticed a death yak
 12083 | Gauntlet | Found a transporter.
 12100 | Gauntlet | Found a transporter.
 12104 | Gauntlet | Found a transporter.
 12112 | Gauntlet | Noticed a moth of wrath
 12114 | Gauntlet | Found a transporter.
 12203 | D:11     | Noticed a death yak
 12210 | D:11     | Killed a death yak
 12211 | D:11     | Reached skill level 5 in Fire Magic
 12211 | D:11     | Reached ***** piety under Vehumet
 12211 | D:11     | Offered knowledge of Iron Shot by Vehumet.
 12288 | D:11     | Reached XP level 12. HP: 59/59 MP: 26/26
 12725 | D:12     | Noticed a boulder beetle
 12742 | D:12     | Killed a boulder beetle
 12814 | D:12     | Found Ruruede's Distillery.
 12820 | D:12     | Bought a potion of curing for 39 gold pieces
 12973 | D:12     | Identified the amulet of Light {RegenMP Fragile rC+ Will++
                  | Str+4}
 13881 | D:12     | Noticed a boulder beetle
 13895 | D:12     | Killed a boulder beetle
 14123 | Lair:1   | Entered Level 1 of the Lair of Beasts
 14170 | Lair:1   | Found a transporter.
 14184 | Lair:1   | Noticed HumbleHazard's ghost (novice MiBe)
 14193 | Lair:1   | Found a transporter.
 14205 | Lair:1   | Noticed a catoblepas
 14340 | Lair:1   | Noticed Gastronok
 14389 | Lair:1   | Killed Gastronok
 14390 | Lair:1   | Reached skill level 10 in Fire Magic
 14415 | Lair:1   | Reached skill level 1 in Evocations
 14990 | Lair:2   | Noticed a seven-headed hydra
 15000 | Lair:2   | Killed a seven-headed hydra
 15125 | Lair:2   | Noticed a skyshark
 15132 | Lair:2   | Killed a skyshark
 15133 | Lair:2   | Reached XP level 13. HP: 31/63 MP: 27/27
 15285 | Lair:2   | Found a staircase to the Swamp.
 15463 | Lair:2   | Found a runed translucent door.
 15463 | Lair:2   | Found a shimmering altar of Xom.
 15463 | Lair:2   | Noticed Zoobame's ghost (journeyman DEHW)
 16129 | Lair:3   | Reached skill level 5 in Evocations
 16616 | Lair:3   | You fall into a shaft and drop 2 floors!
 16616 | Lair:5   | Entered Level 5 of the Lair of Beasts
 16616 | Lair:5   | Found a corrupted altar of Lugonu.
 16616 | Lair:5   | Found a one-way gate to the infinite horrors of the Abyss.
 16741 | Lair:5   | Identified the +0 robe "Fopha" {Rampage rC+ Will+ Int-3}
 16743 | Lair:5   | Found a frozen archway.
 16772 | IceCv    | Entered an ice cave
 16785 | IceCv    | Offered knowledge of Fireball by Vehumet.
 17025 | IceCv    | Found an ancient bone altar of Kikubaaqudgha.
 17481 | IceCv    | Reached skill level 1 in Fighting
 17481 | IceCv    | Reached skill level 1 in Armour
 17925 | Lair:5   | Gained mutation: Your large and strong wings let you fly.
                  | [Gargoyle growth]
 17925 | Lair:5   | Reached XP level 14. HP: 54/72 MP: 28/28
 18220 | Lair:5   | Reached skill level 5 in Fighting
 18233 | Lair:5   | Reached skill level 5 in Armour
 18352 | Lair:5   | Identified the +1 whip of Dyrupsyu {holy, Str+4}
 18666 | Lair:5   | Offered knowledge of Starburst by Vehumet.
 19113 | Lair:5   | Got the Directory of Tainted Sparks
 19426 | Lair:3   | Reached skill level 1 in Shields
 19630 | Lair:3   | Found a hole to the Spider Nest.
 19856 | Lair:4   | Reached skill level 5 in Dodging
 19948 | Lair:4   | Found a viscous altar of Jiyva.
 19954 | Lair:4   | Found a staircase to the Slime Pits.
 21112 | Orc:1    | Entered Level 1 of the Orcish Mines
 21114 | Orc:1    | Noticed an orc warlord
 21296 | Orc:1    | Killed an orc warlord
 21538 | Orc:1    | Found Peamom's Assorted Antiques.
 21561 | Orc:1    | Bought a pair of glowing gloves for 202 gold pieces
 21762 | Orc:2    | Entered Level 2 of the Orcish Mines
 21762 | Orc:2    | Found a staircase to the Elven Halls.
 21927 | Orc:2    | Offered knowledge of Yara's Violent Unravelling by Vehumet.
 21944 | Orc:2    | Noticed Josephine
 21948 | Orc:2    | Noticed Urug
 21950 | Orc:2    | Killed Josephine
 21956 | Orc:2    | Killed Urug
 21957 | Orc:2    | Reached XP level 15. HP: 58/86 MP: 29/29
 22163 | Orc:2    | Found Maiqar's Magic Scroll Shoppe.
 22231 | Orc:2    | Bought a scroll of blinking for 97 gold pieces
 22231 | Orc:2    | Bought a scroll of teleportation for 39 gold pieces
 22242 | Orc:2    | Found a radiant altar of Vehumet.
 22248 | Orc:2    | Noticed Erolcha
 22254 | Orc:2    | Killed Erolcha
 22271 | Orc:2    | Found Taul's Antique Armour Shoppe.
 22280 | Orc:2    | Noticed Nergalle
 22290 | Orc:2    | Killed Nergalle
 22305 | Orc:2    | Found an ancient bone altar of Kikubaaqudgha.
 22372 | Orc:2    | Found Cienoepp's Jewellery Shoppe.
 22372 | Orc:2    | Found Zeid's Magic Scroll Emporium.
 22414 | Orc:2    | Bought a scroll of teleportation for 45 gold pieces
 22414 | Orc:2    | Bought a scroll of teleportation for 45 gold pieces
 22414 | Orc:2    | Bought a scroll of immolation for 60 gold pieces
 22896 | D:1      | Bought a ring of resist corrosion for 200 gold pieces
 22896 | D:1      | Bought a ring of see invisible for 150 gold pieces
 23178 | D:13     | Reached skill level 5 in Shields
 23484 | D:13     | Found a gate to the Vaults.
 24412 | D:14     | Learned a level 1 spell: Apportation
 24446 | D:14     | Reached ****** piety under Vehumet
 24745 | D:15     | Entered Level 15 of the Dungeon
 25615 | D:15     | Found a staircase to the Depths.
 25864 | D:15     | Found a portal to a secret trove of treasure.
 26116 | Swamp:1  | Entered Level 1 of the Swamp
 26283 | Swamp:1  | Reached XP level 16. HP: 36/93 MP: 29/30
 26497 | Swamp:1  | Identified the +1 robe of Sin {+Inv rC+ Str+3}
 26600 | Swamp:1  | Reached skill level 10 in Armour
 26861 | Swamp:2  | Noticed a fenstrider witch
 26870 | Swamp:2  | Killed a fenstrider witch
 27182 | Swamp:2  | Offered knowledge of Plasma Beam by Vehumet.
 28717 | Swamp:3  | Learned a level 6 spell: Plasma Beam
 28728 | Swamp:4  | Entered Level 4 of the Swamp
 28749 | Swamp:4  | Reached skill level 1 in Air Magic
 29273 | Swamp:4  | Noticed a thorn hunter
 29282 | Swamp:4  | Killed a thorn hunter
 29428 | Swamp:4  | Got a decaying rune of Zot
 29638 | Spider:1 | Entered Level 1 of the Spider Nest
 30023 | Orc:2    | Bought a runed helmet for 262 gold pieces
 30095 | Orc:1    | Bought a scroll of teleportation for 81 gold pieces
 30095 | Orc:1    | Bought a potion of curing for 81 gold pieces
 30095 | Orc:1    | Bought a scroll of teleportation for 81 gold pieces
 30095 | Orc:1    | Bought a potion of haste for 270 gold pieces
 30095 | Orc:1    | Bought a potion of curing for 81 gold pieces
 30280 | D:5      | Bought 3 scrolls of fog for 132 gold pieces
 30589 | Spider:1 | Reached XP level 17. HP: 82/97 MP: 21/31
 30810 | Spider:1 | Offered knowledge of Eringya's Noxious Bog by Vehumet.
 30820 | Spider:1 | Reached skill level 5 in Air Magic
 31024 | Spider:1 | Reached skill level 10 in Translocations
 31025 | Spider:1 | Reached skill level 10 in Hexes
 32962 | Spider:2 | Offered knowledge of Ignition by Vehumet.
 33232 | Spider:2 | Learned a level 8 spell: Ignition
 33487 | Spider:2 | Identified the ring "Longigot" {*Corrode rElec Will+ SInv}
 33943 | Spider:3 | Reached skill level 10 in Air Magic
 34861 | Spider:3 | Reached XP level 18. HP: 93/103 MP: 28/32
 34970 | Spider:3 | Offered knowledge of Shatter by Vehumet.
 34970 | Spider:3 | Offered knowledge of Chain Lightning by Vehumet.
 34970 | Spider:3 | Offered knowledge of Polar Vortex by Vehumet.
 35094 | Spider:3 | Identified the +9 shortbow of Elackusi {speed, Str+3}
 35983 | Spider:4 | Entered Level 4 of the Spider Nest
 36733 | Spider:4 | Got a gossamer rune of Zot
 36745 | Spider:4 | Identified the +3 pair of gloves of the Storm King {Dex+3}
 36784 | Spider:4 | Identified the orb of Oqek {guile, *Slow Int+6 Dex+3
                  | Slay-6}
 37562 | Elf:1    | Entered Level 1 of the Elven Halls
 37598 | Elf:1    | You are sucked into a shaft and drop 1 floor!
 38043 | Elf:1    | Learned a level 3 spell: Stone Arrow
 38673 | Elf:1    | Reached skill level 15 in Fire Magic
 38820 | Elf:1    | Reached XP level 19. HP: 105/107 MP: 28/33
 39094 | Elf:1    | Found a runed translucent door.
 39098 | Elf:1    | Noticed magipi's ghost (adept GrEE)
 39184 | Elf:2    | Found Zecusoss's Antique Weapon Shop.
 39535 | Elf:3    | Entered Level 3 of the Elven Halls
 39621 | Elf:3    | Paralysed by an air elemental for 1 turns
 39932 | Elf:3    | Paralysed by an air elemental for 1 turns
 41017 | Elf:3    | Identified the +6 quarterstaff of an ossuary {spect, rN+
                  | Str+3}
 41022 | Elf:3    | Paralysed by an air elemental for 1 turns
 41031 | Elf:3    | Identified the +0 morningstar of Parsimonious Prudence
                  | {antimagic, rElec Dex+3}
 41121 | Elf:3    | Identified the +8 longbow of Weguipp {freeze, Str-4 Int+2
                  | Stlth+}
 41212 | Elf:3    | Identified the +8 chain mail of Sin {rElec Int+5}
 41349 | Elf:3    | Identified the +2 chain mail of the Swamp {Harm *Slow rN+++
                  | MP+9}
 41404 | Elf:3    | Identified the +3 spear "Spiderslayer" {holy, rPois rN+
                  | Will+ Int+3 Dex+2}
 41406 | Elf:3    | Identified the staff of air "Daluuxt Radu" {rElec rC+}
 41425 | Elf:3    | Identified the +7 short sword of Perfectionism {speed, rC+
                  | Dex+2}
 42318 | Vaults:1 | Entered Level 1 of the Vaults
 43555 | Vaults:1 | Reached XP level 20. HP: 112/112 MP: 31/34
 43676 | Vaults:1 | You are sucked into a shaft and drop 1 floor!
 44001 | Vaults:2 | Noticed Donald
 44002 | Vaults:2 | Killed Donald
 44004 | Vaults:2 | Found Wegum's Distillery.
 44015 | Vaults:2 | Bought a potion of invisibility for 120 gold pieces
 44441 | Vaults:2 | Noticed a dread lich
 44453 | Vaults:2 | Killed a dread lich
 44453 | Vaults:2 | Noticed Mennas
 45306 | Vaults:2 | Found a staircase to the Crypt.
 45527 | Vaults:3 | Reached skill level 5 in Stealth
 45532 | Vaults:3 | Reached skill level 10 in Shields
 46083 | Vaults:3 | Reached skill level 10 in Fighting
 46090 | Vaults:3 | Reached XP level 21. HP: 122/122 MP: 29/35
 46092 | Vaults:3 | Reached skill level 10 in Dodging
 47679 | Vaults:4 | Found Gozag's Assorted Antiques.
 47681 | Vaults:4 | Found an opulent altar of Gozag.
 47685 | Vaults:4 | Found Gozag's Assorted Antiques.
 47720 | Vaults:4 | Noticed an ancient lich
 47722 | Vaults:4 | Found Gozag's Antique Weapon Emporium.
 47728 | Vaults:4 | Killed an ancient lich
 48692 | Depths:1 | Entered Level 1 of the Depths
 48697 | Depths:1 | Found a stormy altar of Qazlal.
 49070 | Depths:1 | Found a one-way gateway to a ziggurat.
 49073 | Depths:1 | Paralysed by a floating eye for 3 turns
 49132 | Depths:1 | Reached XP level 22. HP: 102/130 MP: 39/39
 49137 | Depths:1 | Noticed the Enchantress
 49507 | Depths:1 | Found Vaenoeh's General Store.
 49523 | Depths:1 | Bought a scroll of teleportation for 42 gold pieces
 49539 | Depths:1 | Killed the Enchantress
 50106 | Depths:1 | Found a broken altar of Ashenzari.
 50106 | Depths:1 | Found a gateway to Hell.
 50733 | Depths:2 | Found a one-way gate leading to the halls of Pandemonium.
 50817 | Depths:2 | Found a large runed translucent door.
 50817 | Depths:2 | Found a large runed translucent door.
 51025 | Depths:2 | Noticed a royal mummy
 51220 | Depths:2 | Noticed a royal mummy
 51237 | Depths:2 | Killed a royal mummy
 51442 | Depths:2 | Killed a royal mummy
 52440 | Depths:3 | Noticed Parghit
 52821 | Depths:3 | Killed Parghit
 53191 | Depths:3 | Reached XP level 23. HP: 135/135 MP: 37/41
 53765 | Depths:3 | Reached skill level 15 in Conjurations
 54058 | Depths:4 | Entered Level 4 of the Depths
 54077 | Depths:4 | Reached skill level 15 in Air Magic
 54415 | Depths:4 | Identified the staff of death "Ruziga" {rN+ rCorr Dex+4}
 55501 | D:15     | You paid a toll of +3 storm dragon scales to enter a
                  | treasure trove
 55502 | Trove    | Entered a treasure trove
 55528 | Trove    | Got Xeluc's Catalogue of Inhalation
 55547 | Trove    | Got Nyvosh's Teachings on Amalgamated Cold
 55551 | Trove    | Identified the staff of earth "Foum" {Int+3 Dex+2}
 55998 | Depths:4 | Found a runed translucent door.
 56112 | Depths:4 | Found a runed translucent door.
 56293 | Depths:4 | Found a runed translucent door.
 56296 | Depths:4 | Found a runed translucent door.
 56323 | Depths:4 | Found a runed translucent door.
 56358 | Depths:4 | Found a runed translucent door.
 56383 | Depths:4 | Found a gate to the Realm of Zot.
 56533 | Depths:4 | Learned a level 7 spell: Orb of Destruction
 57144 | Crypt:1  | Entered Level 1 of the Crypt
 58014 | Crypt:1  | Found the +0 mask of the Dragon {Will+ Slay+3 SInv}
 58586 | Crypt:2  | Reached XP level 24. HP: 140/140 MP: 34/41
 59394 | Crypt:3  | Entered Level 3 of the Crypt
 60551 | Crypt:3  | Found the macabre finger necklace {Finger+ rN+}
 60608 | Crypt:3  | Found a staircase to the Tomb.
 60778 | Crypt:3  | Noticed a dread lich
 61045 | Crypt:3  | Killed a dread lich
 61078 | Crypt:3  | Noticed a dread lich
 61078 | Crypt:3  | Noticed a dread lich
 61094 | Crypt:3  | Killed a dread lich
 61115 | Crypt:3  | Killed a dread lich
 61161 | Crypt:3  | Learned a level 2 spell: Blink
 61171 | Crypt:3  | Identified the staff of earth "Ugikuop" {rN+ Str+3 Int+2}
 61872 | Slime:1  | Entered Level 1 of the Pits of Slime
 62237 | Slime:5  | Entered Level 5 of the Pits of Slime
 62335 | Slime:5  | Noticed the Royal Jelly
 62575 | Slime:5  | Killed the Royal Jelly
 62604 | Slime:5  | Reached XP level 25. HP: 101/144 MP: 33/41
 62915 | Slime:5  | Found the +2 cloak of the Thief {*Fog Slay-2 SInv Stlth+}
 62915 | Slime:5  | Found the amulet of the Four Winds {rN+ Will+++ Clar}
 62947 | Slime:5  | Identified the +4 morningstar of the Devouring Wolf
                  | {freeze, *Rage rPois rC+ Will+}
 62996 | Slime:5  | Identified the ring "Juebb" {Fire rElec Str+3}
 63013 | Slime:5  | Identified the ring of Qevvymaa {rElec rN+}
 63038 | Slime:5  | Got a slimy rune of Zot
 63069 | Slime:5  | Identified the +1 falchion of Posh {flame, rC+}
 63131 | Slime:5  | Learned a level 9 spell: Chain Lightning
 63305 | Lair:2   | Killed Zoobame's ghost
 63392 | Lair:1   | Killed HumbleHazard's ghost
 63394 | Lair:1   | Identified the +0 pair of gloves of the Kraken {Harm Regen+
                  | Slay-2}
 63910 | Vaults:5 | Entered Level 5 of the Vaults
 63910 | Vaults:5 | Noticed an ancient lich
 63921 | Vaults:4 | Killed an ancient lich
 64718 | Vaults:5 | Got a silver rune of Zot
 64733 | Vaults:5 | Identified the ring of Freedom {Fire rCorr Str+2 Slay+2
                  | Stlth-}
 65169 | Vaults:5 | Identified the +5 great mace "Wiho" {elec, MP+9}
 65469 | Vaults:5 | Noticed an ancient lich
 65474 | Vaults:5 | Killed an ancient lich
 65546 | Vaults:5 | Found Xajuesup's Distillery.
 65567 | Vaults:5 | Bought a potion of curing for 42 gold pieces
 65567 | Vaults:5 | Bought a potion of brilliance for 56 gold pieces
 65567 | Vaults:5 | Bought a potion of haste for 140 gold pieces
 65567 | Vaults:5 | Bought a potion of resistance for 140 gold pieces
 65567 | Vaults:5 | Bought a potion of heal wounds for 70 gold pieces
 65694 | Vaults:5 | Identified the staff of conjuration "Otippy" {rElec Dex+7
                  | Stlth-}
 65736 | Vaults:5 | Identified the +0 tower shield of Gozag, Kissing {rC+
                  | Regen+ Int+3}
 65907 | Vaults:5 | Identified the staff of poison "Fideetar" {rPois rCorr MP+9
                  | Str+3}
 65910 | Vaults:5 | Identified the +10 morningstar "Imugat" {spect, Fly Str+3
                  | Int-5 Dex+2}
 65941 | Vaults:5 | Identified the staff of fire "Qoczejag" {rPois rF+}
 66363 | Vaults:5 | Found Xajuesup's Distillery.
 67094 | Vaults:2 | Learned a level 8 spell: Lehudib's Crystal Spear
 67425 | Vaults:2 | Bought a potion of invisibility for 120 gold pieces
 67425 | Vaults:2 | Bought a potion of haste for 150 gold pieces
 67425 | Vaults:2 | Bought a potion of might for 60 gold pieces
 67425 | Vaults:2 | Bought a potion of curing for 45 gold pieces
 67425 | Vaults:2 | Bought a potion of brilliance for 60 gold pieces
 67647 | Zig:1    | Entered Level 1 of a ziggurat
 67656 | Zig:1    | Reached skill level 1 in Earth Magic
 67692 | Zig:2    | Entered Level 2 of a ziggurat
 67721 | Zig:3    | Entered Level 3 of a ziggurat
 67748 | Zig:4    | Entered Level 4 of a ziggurat
 67777 | Zig:5    | Entered Level 5 of a ziggurat
 67785 | Zig:5    | Reached XP level 26. HP: 148/150 MP: 29/41
 67786 | Zig:5    | Reached skill level 5 in Earth Magic
 67829 | Zig:5    | Identified the +0 gold dragon scales of Indecent Exposure
                  | {Harm rElec rPois rF+ rC+ Int+3}
 67831 | Zig:5    | Identified the staff of air "Xalof" {rElec rPois rF- Will+}
 67841 | Zig:6    | Entered Level 6 of a ziggurat
 68033 | Zig:6    | Reached XP level 27. HP: 155/155 MP: 41/41
 68041 | Zig:7    | Entered Level 7 of a ziggurat
 68173 | Zig:7    | Identified the amulet "Elugut" {Faith Fly rPois Int-3
                  | Dex+9}
 68188 | Zig:7    | Identified the +4 longbow "Romer" {elec, rC+ Int-4 Dex+2}
 68203 | Zig:8    | Entered Level 8 of a ziggurat
 68208 | Zig:8    | Found the +8 arc blade {discharge, rElec}
 68214 | Zig:8    | Noticed Raulas the pandemonium lord
 68229 | Zig:8    | Killed Raulas the pandemonium lord
 68364 | Zig:8    | Identified the +1 plate armour of the Saviour {rPois rF+
                  | Dex+5}
 68391 | Zig:9    | Entered Level 9 of a ziggurat
 68403 | Zig:9    | Noticed a royal mummy
 68406 | Zig:9    | Reached skill level 10 in Earth Magic
 68408 | Zig:9    | Killed a royal mummy
 68422 | Zig:9    | HP: 5/220 [bennu (12)]
 68422 | Zig:9    | Slain by a bennu

Illustrated notes

Levels and vault maps discovered:
D:1:      dpeg_arrival_renting, layout_basic, serial_shops,
          nicolae_shop_statue_plus, serial_forest, infiniplex_forest_clump_tiny,
          infiniplex_forest_clump_long, infiniplex_forest_end_1,
          infiniplex_forest_clump_double, infiniplex_forest_pool,
          infiniplex_forest_straight_3, shapermc_ecumenical_altar_flowoftime
D:2:      layout_basic
D:3:      layout_loops_ring, grunt_temple_overflow_open, serial_aquarium,
          aquarium_bridge_straight [aquarium_subvault_bridge,
          aquarium_subvault_wall, aquarium_subvault_bridge,
          aquarium_subvault_wall], aquarium_bridge_long_joined
          [aquarium_subvault_balcony, aquarium_subvault_window,
          aquarium_subvault_bridge, aquarium_subvault_bridge,
          aquarium_subvault_bridge, aquarium_subvault_balcony],
          aquarium_window_corridor_2, aquarium_window_2, aquarium_window_1,
          aquarium_window_2, aquarium_view_2c, aquarium_pool_2
D:4:      layout_basic, temple_green, portal_sewer_entry_e,
          minmay_misc_feat_encased, minmay_small_thing, uniq_edmund
D:5:      layout_loops_ring, serial_shops, shop
D:6:      minmay_spotlight, layout_basic, minitemple,
          chequers_serial_rivers_small_3, uniq_maggie, uniq_blork_the_orc
D:7:      layout_gridville
D:8:      due_megacathedral, layout_basic, grunt_lair_entry_orc_guard_hut
D:9:      layout_big_octagon, kennysheep_just_a_vault, uniq_pikel
D:10:     layout_basic, lemuel_mausoleum_altar_yredelemnul,
          nicolae_uskayaw_dance_studio
D:11:     layout_basic, orc_0_dummy, gauntlet_entry_generic, serial_ice,
          serial_ice_e, serial_ice_c, serial_ice_n, serial_ice_h, serial_ice_b,
          serial_ice_o, eino_jars
D:12:     layout_grid_maze, serial_shops, nicolae_shop_just_a_little_nook,
          chequers_serial_rivers_room_b
D:13:     layout_basic, erik_vaults_1
D:14:     layout_roguey [special_room_mythical_zoo], serial_park_square1
          [serial_park_minivault_5x5_2], grunt_tough_drop
D:15:     grunt_enter_depths_hoard, layout_stronghold,
          nicolae_trove_entry_columns, hangedman_abyss_or_decor_lesser_grid
Temple:   hellmonk_temple_divided_pantheon
Lair:1:   layout_regular_city, gammafunk_ghost_berserking_beasts, uniq_gastronok
Lair:2:   layout_chaotic_city, minmay_swamp_entry_worms, ebering_ghost_xom
Lair:3:   layout_cellular_growth, nicolae_spider_entry_non_spiders,
          grunt_megastairs_5, serial_bayou_shore_b
Lair:4:   layout_layer_cave, nicolae_slime_entry_field_trip,
          chequers_serial_rivers_small_b
Lair:5:   hellmonk_lair_end_abyssal_woods, layout_gridlike,
          portal_ice_cave_entry_ice_simulacra, minmay_lair_oklob_bushes
Swamp:1:  layout_falls_marsh, evilmike_swamp_ruin_house_3
Swamp:2:  layout_basic_swamp, evilmike_swamp_ruin_house_1, swamp_pool5
Swamp:3:  layout_basic_swamp, hangedman_swamp_ruin_wall
Swamp:4:  swamp, layout_basic_swamp, swamp_pool1, infiniplex_staircase_pool_2
Spider:1: layout_spider_delve, nicolae_spider_orb_run,
          hangedman_spider_tarantella_strand
Spider:2: nicolae_spider_hilbert_zone_3 [nicolae_spider_hilbert_4_sides_2_open,
          nicolae_spider_hilbert_3_sides_1_open,
          nicolae_spider_hilbert_3_sides_1_open,
          nicolae_spider_hilbert_3_sides_1_open,
          nicolae_spider_hilbert_3_sides_1_open,
          nicolae_spider_hilbert_4_sides_1_open,
          nicolae_spider_hilbert_4_sides_1_open,
          nicolae_spider_hilbert_4_sides_1_open,
          nicolae_spider_hilbert_4_sides_1_open,
          nicolae_spider_hilbert_4_sides_1_open,
          nicolae_spider_hilbert_4_sides_1_open,
          nicolae_spider_hilbert_4_sides_1_open,
          nicolae_spider_hilbert_4_sides_1_open,
          nicolae_spider_hilbert_3_sides_1_open,
          nicolae_spider_hilbert_3_sides_1_open,
          nicolae_spider_hilbert_3_sides_1_open,
          nicolae_spider_hilbert_3_sides_1_open]
Spider:3: cheibrodos_forgotten_conduit, nicolae_spider_wall_of_niches
Spider:4: hellmonk_spider_rune_bug_friends
Slime:1:  layout_caves
Slime:2:  layout_caves
Slime:3:  layout_caves
Slime:4:  layout_caves
Slime:5
Orc:1:    layout_diamond_mine, serial_shops, nicolae_shop_overgrown_old_shop
Orc:2:    kennysheep_orc_mage_school, layout_diamond_mine, uniq_urug,
          uniq_josephine
Elf:1:    layout_geoelf_octagon, ebering_ghost_reflecting_pool,
          kennysheep_underground_church
Elf:2:    nicolae_elf_blades_splatter_lattice [nicolae_blade_little_rooms],
          layout_geoelf_octagon, serial_shops, shop
Elf:3:    minmay_elf_hall_quartered_circle, layout_gridlike
Vaults:1: nicolae_vaults_little_squares_1, nicolae_vaults_puzzle_piece,
          nicolae_vaults_enemy_cabinets, nicolae_vaults_sesquioval_fish,
          nicolae_vaults_double_plus_3, grunt_vaults_bifocal,
          nicolae_vaults_tangram_1, dpeg_vaults_monster_row,
          layout_vaults_omnigrid
Vaults:2: grunt_vaults_funneled_arena, vaults_standard_mumra_lines,
          dpeg_vaults_monster_box, minmay_crypt_entry_vampire_xt, v_rooms_3,
          hangedman_vaults_slither, vaults_room_hallway, ontoclasm_vaults_chip,
          nicolae_vaults_little_squares_6, vaults_room_pools,
          layout_vaults_omnicross, serial_shops, nicolae_shop_tiny_glass,
          uniq_donald, uniq_mennas
Vaults:3: hangedman_vaults_stagger, hangedman_vaults_stream,
          nicolae_vaults_tetromino_Z_2, nicolae_vaults_closet_pinwheel_2,
          nicolae_vaults_border_crossing, nicolae_vaults_surprise_closet,
          nicolae_vaults_tetromino_Z_2, vaults_dpeg_cross,
          nicolae_vaults_house_2, nicolae_vaults_shipping_containers_4,
          serial_ice_m, v_misc_2, layout_vaults_big_room
Vaults:4: v_misc_33, nicolae_vaults_gold_heap, v_misc_4,
          nicolae_vaults_storage_closets_2, grunt_vaults_focal,
          kennysheep_vaults_gozag_temple, vaults_room_semicircle, v_misc_4,
          nicolae_vaults_layer_cake_slice, hangedman_vaults_unwind,
          layout_vaults_omnibox
Vaults:5: serial_shops, uniq_margery
Crypt:1:  layout_catacombs
Crypt:2:  layout_regular_city, st_stairs_2
Crypt:3:  david_glass_crypt, layout_rooms
Depths:1: layout_honeycomb, enter_ziggurat_d, grunt_metal_band, serial_shops,
          shop, nicolae_qazlal_style_of_elements,
          serial_sigils_hangedman_scratch, ashenzari_altar_1, uniq_enchantress
Depths:2: lightli_eight_chambers, layout_honeycomb, hangedman_coc_ice_floe,
          rand_demon_pan_entry_8, chequers_serial_rivers_small_b
Depths:3: nicolae_cairo_tiling_large_dashed, layout_gridlike,
          minmay_room_of_horrors, grunt_hell_entry_dis_grunt,
          amcnicky_mini_pool_small, uniq_parghit
Depths:4: evilmike_zot_entry_castle, layout_cave_shapes, hell_entry,
          grunt_decor_clamped, small_chamber_with_monster
Zig:9

Skill      XL: |  1  2  3  4  5  6  7  8  9 10 11 12 13 14 15 16 17 18 19 20 21 22 23 24 25 26 27 |
---------------+----------------------------------------------------------------------------------+-----
Conjurations   | 5 6 7 9 10 11 12 14 16 18 19 20 | 20.3
Spellcasting   | 3 4 6 7 9 10 13 14 | 14.0
Hexes          | 2 4 6 8 9 10 | 10.0
Translocations | 2 4 6 8 9 10 | 10.0
Fire Magic     | 5 10 12 15 18 20 | 20.0
Evocations     | 3 6 |  6.0
Fighting       | 2 7 8 10 11 | 11.0
Armour         | 2 7 9 10 | 10.0
Dodging        | 2 5 7 8 9 10 | 10.0
Shields        | 3 7 9 10 | 10.0
Air Magic      | 4 10 12 14 16 19 20 | 20.9
Stealth        | 6 |  6.0
Earth Magic    | 4 9 10 | 10.3

Action                     |  1- 3 |  4- 6 |  7- 9 | 10-12 | 13-15 | 16-18 | 19-21 | 22-24 | 25-27 || total
---------------------------+-------+-------+-------+-------+-------+-------+-------+-------+-------++-------
  Melee: Dagger            |     3 |     1 |       |       |       |       |       |     2 |       ||     6
         Staff             |       |       |       |     4 |     3 |    14 |     9 |    17 |    21 ||    68
         Demon trident     |       |       |       |       |       |       |       |     7 |       ||     7
   Cast: Magic Dart        |    33 |     1 |     5 |       |       |       |       |       |       ||    39
         Searing Ray       |    25 |    30 |    79 |    98 |    13 |     7 |       |       |       ||   252
         Fulminant Prism   |       |       |       |     7 |    10 |       |       |       |       ||    17
         Iskenderun's Myst |       |       |       |     3 |    19 |     3 |       |    19 |     4 ||    48
         Flame Wave        |       |       |       |    53 |   213 |   220 |    90 |    55 |     2 ||   633
         Plasma Beam       |       |       |       |       |       |    78 |   232 |   396 |   131 ||   837
         Stone Arrow       |       |       |       |       |       |    23 |    83 |    74 |     1 ||   181
         Ignition          |       |       |       |       |       |       |     2 |    44 |    38 ||    84
         Orb of Destructio |       |       |       |       |       |       |       |    31 |    18 ||    49
         Blink             |       |       |       |       |       |       |       |     1 |     1 ||     2
         Chain Lightning   |       |       |       |       |       |       |       |       |     8 ||     8
         Lehudib's Crystal |       |       |       |       |       |       |       |       |    11 ||    11
  Evoke: Wand              |       |       |       |     1 |    12 |    29 |     3 |    18 |     2 ||    65
         Phial of floods   |       |       |       |       |       |     1 |       |     1 |       ||     2
         Condenser vane    |       |       |       |       |       |       |       |     2 |       ||     2
    Use: Scroll            |       |     9 |     5 |     6 |    15 |     6 |     2 |    18 |     7 ||    68
         Potion            |       |       |     1 |     2 |     1 |     2 |     6 |     3 |    10 ||    25
   Stab: Sleeping          |       |     1 |       |     1 |       |     1 |       |     3 |       ||     6
 Armour: Robe              |    13 |     4 |     9 |       |    93 |   395 |   166 |   284 |    53 ||  1017
         Steam dragon scal |       |       |    43 |   183 |   131 |       |       |       |       ||   357
         Skin              |       |       |       |       |       |       |       |       |    83 ||    83
  Dodge: Dodged            |    23 |    13 |    57 |   309 |   317 |   493 |   272 |   384 |    92 ||  1960
         Repelled          |       |       |       |       |       |       |     5 |     5 |       ||    10
  Block: Kite shield       |       |       |       |       |    98 |   353 |   203 |     1 |       ||   655
         Buckler           |       |       |       |       |       |       |       |   166 |    65 ||   231

Action                     |  1- 3 |  4- 6 |  7- 9 | 10-12 | 13-15 | 16-18 | 19-21 | 22-24 | 25-27 || total
---------------------------+-------+-------+-------+-------+-------+-------+-------+-------+-------++-------
  Melee: Dagger            |     3 |     1 |       |       |       |       |       |     2 |       ||     6
         Staff             |       |       |       |     4 |     3 |    14 |     9 |    17 |    21 ||    68
         Demon trident     |       |       |       |       |       |       |       |     7 |       ||     7
   Cast: Magic Dart        |    33 |     1 |     5 |       |       |       |       |       |       ||    39
         Searing Ray       |    25 |    30 |    79 |    98 |    13 |     7 |       |       |       ||   252
         Fulminant Prism   |       |       |       |     7 |    10 |       |       |       |       ||    17
         Iskenderun's Myst |       |       |       |     3 |    19 |     3 |       |    19 |     4 ||    48
         Flame Wave        |       |       |       |    53 |   213 |   220 |    90 |    55 |     2 ||   633
         Plasma Beam       |       |       |       |       |       |    78 |   232 |   396 |   131 ||   837
         Stone Arrow       |       |       |       |       |       |    23 |    83 |    74 |     1 ||   181
         Ignition          |       |       |       |       |       |       |     2 |    44 |    38 ||    84
         Orb of Destructio |       |       |       |       |       |       |       |    31 |    18 ||    49
         Blink             |       |       |       |       |       |       |       |     1 |     1 ||     2
         Chain Lightning   |       |       |       |       |       |       |       |       |     8 ||     8
         Lehudib's Crystal |       |       |       |       |       |       |       |       |    11 ||    11
  Evoke: Wand              |       |       |       |     1 |    12 |    29 |     3 |    18 |     2 ||    65
         Phial of floods   |       |       |       |       |       |     1 |       |     1 |       ||     2
         Condenser vane    |       |       |       |       |       |       |       |     2 |       ||     2
    Use: Scroll            |       |     9 |     5 |     6 |    15 |     6 |     2 |    18 |     7 ||    68
         Potion            |       |       |     1 |     2 |     1 |     2 |     6 |     3 |    10 ||    25
   Stab: Sleeping          |       |     1 |       |     1 |       |     1 |       |     3 |       ||     6
 Armour: Robe              |    13 |     4 |     9 |       |    93 |   395 |   166 |   284 |    53 ||  1017
         Steam dragon scal |       |       |    43 |   183 |   131 |       |       |       |       ||   357
         Skin              |       |       |       |       |       |       |       |       |    83 ||    83
  Dodge: Dodged            |    23 |    13 |    57 |   309 |   317 |   493 |   272 |   384 |    92 ||  1960
         Repelled          |       |       |       |       |       |       |     5 |     5 |       ||    10
  Block: Kite shield       |       |       |       |       |    98 |   353 |   203 |     1 |       ||   655
         Buckler           |       |       |       |       |       |       |       |   166 |    65 ||   231
